 Dungeon Crawl Stone Soup version 0.25.0-41-g26779e291d (webtiles) character file.

Game seed: 16623742429678342394

63 Ethylacetat the Stinger (level 4, 0/27 HPs)
             Began as an Octopode Venom Mage on July 10, 2020.
             Succumbed to an adder's poison
             ... on level 2 of the Dungeon.
             The game lasted 00:03:22 (1926 turns).

Ethylacetat the Stinger (Octopode Venom Mage)       Turns: 1926, Time: 00:03:23

Health: 0/27       AC:  1    Str:  7    XL:     4   Next: 9%
Magic:  1/7        EV: 13    Int: 18    God:
Gold:   19         SH:  0    Dex: 12    Spells: 6/7 levels left

rFire    . . .     SeeInvis +   (no weapon)
rCold    . . .     Gourm    .   (no shield)
rNeg     . . .     Faith    .   (helmet restricted)
rPois    .         Spirit   .   (no amulet)
rElec    .         Reflect  .   f - ring of see invisible
rCorr    .         Harm     .   (no ring)
MR       .....                  (no ring)
Stlth    +++.......             (no ring)
HPRegen  0.09/turn              (no ring)
MPRegen  0.10/turn              (no ring)
                                (no ring)
                                (no ring)

@: mighty, lethally poisoned (0 -> -4)
A: almost no armour, stealthy swim, amphibious, 8 rings, constrict 8, camouflage
1, gelatinous body 1
a: no special abilities


You were on level 2 of the Dungeon.
You were hungry.

You visited 1 branch of the dungeon, and saw 2 of its levels.

You collected 19 gold pieces.

Inventory:

Jewellery
 f - a ring of see invisible (left tentacle)
 i - an uncursed ring of protection from magic {unknown}
Scrolls
 a - a scroll of noise {unknown}
 c - a scroll of identify {unknown}
 d - a scroll of immolation {unknown}
 e - 2 scrolls of teleportation {unknown}
Comestibles
 b - 2 rations


   Skills:
 - Level 2.0 Dodging
 - Level 2.6 Stealth
 + Level 2.4 Spellcasting
 * Level 2.4 Transmutations
 * Level 4.6 Poison Magic


You had 6 spell levels left.
You knew the following spells:

 Your Spells              Type           Power        Failure   Level  Hunger
a - Sting                 Tmut/Pois      ###.         4%          1    #......

Your spell library contained the following spells:

 Spells                   Type           Power        Failure   Level  Hunger
 Poisonous Vapours        Pois/Air       ##....       10%         2    ##.....
 Ignite Poison            Fire/Tmut/Pois ##......     21%         3    ###....
 Olgreb's Toxic Radiance  Pois           ###.....     26%         4    #####..
 Mephitic Cloud           Conj/Pois/Air  #.......     28%         3    ###....


Dungeon Overview and Level Annotations

Branches:
Dungeon (2/15)

Altars:


Innate Abilities, Weirdness & Mutations

You cannot wear most types of armour.
You are very stealthy in the water. (Stealth+)
You are amphibious.
You can wear up to eight rings at the same time.
You can use your tentacles to constrict eight enemies at once.
Your skin changes colour to match your surroundings (Stealth+).
Your rubbery body absorbs attacks. (AC +1, EV +1)


Message History

You feel sick.
You kill the adder!
You have reached level 4!
It was a potion of might.
You feel very mighty all of a sudden. The goblin closely misses you.
You bludgeon the goblin!
You kill the goblin!
* * * LOW HITPOINT WARNING * * *
You feel sick.
Things that are here:
a +2 antimagic dagger; an adder corpse You butcher the adder corpse.
* * * LOW HITPOINT WARNING * * *
You feel sick.
Things that are here:
a +2 antimagic dagger; 2 chunks of flesh; an adder skeleton You see here an adder corpse.
You butcher the adder corpse.
You die...

#.........#
#.##....#.#
#.###.#.#.#
#.......)>#
#######.### #.#
#.# ###)#
##.#@#
####....#######
+........(.....
####.....######
######.#†..#
#..(.......#
#.8.....8..#
#..........#
#....>.....#


There were no monsters in sight!

Vanquished Creatures
  2 adders (D:2)
  2 oozes (D:2)
  2 dart slugs
  4 giant cockroaches (D:1)
  5 goblins
  3 hobgoblins (D:1)
  4 jackals (D:1)
  A kobold (D:1)
  2 bats (D:1)
  6 frilled lizards
  A rat (D:1)
32 creatures vanquished.

Notes
Turn   | Place    | Note
-------+----------+-------------------------------------------
     0 | D:1      | Ethylacetat the Octopode Venom Mage began the quest for the
                  | Orb.
     0 | D:1      | Reached XP level 1. HP: 11/11 MP: 3/3
   395 | D:1      | Reached XP level 2. HP: 17/17 MP: 3/5
   461 | D:1      | Reached skill level 4 in Poison Magic
   956 | D:1      | Reached XP level 3. HP: 18/21 MP: 1/6
  1920 | D:2      | Reached XP level 4. HP: 3/27 MP: 0/7
  1924 | D:2      | HP: 1/27 [poisoned by an adder]
  1926 | D:2      | Succumbed to an adder's poison

Illustrated notes

Levels and vault maps discovered:
D:1:      minmay_arrival_wavy_path, layout_loops_corners, corner_web_ring
D:2:      layout_loops_corners, xom_teletrap_fun, st_stairs_1,
          grunt_decor_clamped, minmay_rat_gold_closets

Skill      XL: |  1  2  3 |
---------------+----------+-----
Poison Magic   | 4 |  4.6
Transmutations | 2 |  2.4
Dodging        | |  2.0
Stealth        | |  2.6
Spellcasting   | |  2.4

Action                   |  1- 3 |  4- 6 || total
-------------------------+-------+-------++-------
Melee: Unarmed           |    17 |     1 ||    18
       Constrict         |     6 |       ||     6
       Tentacles         |     4 |       ||     4
 Cast: Sting             |    59 |       ||    59
  Use: Potion            |       |     1 ||     1
  Eat: Chunk             |     3 |       ||     3
Armor: Skin              |     3 |       ||     3
Dodge: Dodged            |    19 |     1 ||    20
